PA
KENT COMETS @ SOUTH BEACH BLAZE
07/29/2041
 
TOP OF THE 1ST
Kent Comets batting - Pitching for South Beach Blaze : RHP Kevin Gabriel
Pitching: RHP Kevin Gabriel
Batting: LHB Octávio Obezo 0-0: Ball
1-0: Ground out 5-3 (Groundball, 56S, EV 68.1 MPH)
Batting: RHB Alohinani Puanani 0-0: Called Strike
0-1: Ball
1-1: Ball
2-1: Ground out U3 (Groundball, 3, EV 86.9 MPH)
Batting: LHB Jorge Hernández 0-0: Ball
1-0: Called Strike
1-1: Reached on error, E6 (Groundball, 56, EV 82.5 MPH)
Batting: LHB Numberto Pencíl 0-0: Foul Ball, location: 2F
0-1: Ball
1-1: Ball
2-1: Fly out, F9 (Flyball, 9LS, EV 91.2 MPH)
Top of the 1st over - 0 runs, 0 hits, 1 error, 1 left on base; Kent 0 - South Beach 0
BOTTOM OF THE 1ST
South Beach Blaze batting - Pitching for Kent Comets : RHP Fredrick Shive
Pitching: RHP Fredrick Shive
Batting: SHB Nobukazu Fujihara 0-0: Ball
1-0: Swinging Strike
1-1: Called Strike
1-2: Ball
2-2: SINGLE (Groundball, 6D, EV 98.8 MPH)
Batting: RHB Juan Lugo 0-0: Ball
1-0: SINGLE (Flyball, 7S, EV 85.0 MPH)
Nobukazu Fujihara to second
Batting: RHB Yoshiki Shimizu 0-0: Ball
1-0: Called Strike
1-1: Ball
2-1: Called Strike
2-2: Ball
3-2: Foul Ball, location: 2F
3-2: Fly out, F9 (Flyball, 9LS, EV 86.9 MPH)
Batting: RHB Thiago Yepes 0-0: Fly out, F8 (Flyball, 8LD, EV 91.2 MPH)
Batting: RHB Miles Breeuwer 0-0: Ball
1-0: Ball
2-0: Ball
3-0: Base on Balls
Nobukazu Fujihara to third
Juan Lugo to second
Batting: LHB Duane Halfyard 0-0: Called Strike
0-1: Hit by Pitch
Nobukazu Fujihara scores
Juan Lugo to third
Miles Breeuwer to second
Batting: RHB Sergio Morales 0-0: Called Strike
0-1: Ball
1-1: Ball
2-1: Ball
3-1: Base on Balls
Juan Lugo scores
Miles Breeuwer to third
Duane Halfyard to second
Batting: RHB Yue-rong Duan 0-0: Swinging Strike
0-1: Ball
1-1: Ball
2-1: Foul Ball, location: 2F
2-2: Foul Ball, location: 2F
2-2: Foul Ball, location: 2F
2-2: Strikes out swinging
Bottom of the 1st over - 2 runs, 2 hits, 0 errors, 3 left on base; Kent 0 - South Beach 2
TOP OF THE 2ND
Kent Comets batting - Pitching for South Beach Blaze : RHP Kevin Gabriel
Batting: SHB Jesús Muńíz 0-0: Called Strike
0-1: Foul Ball, location: 2F
0-2: Ball
1-2: Ball
2-2: Strikes out swinging
Batting: RHB Brian Myers 0-0: Foul Ball, location: 2F
0-1: Swinging Strike
0-2: Foul Ball, location: 2F
0-2: Ball
1-2: Ball
2-2: Fly out, F9 (Flyball, 9LM, EV 93.8 MPH)
Batting: SHB Salvador Berrocal 0-0: Ball
1-0: SINGLE (Groundball, 34D, EV 102.5 MPH)
Batting: RHB Zhao-ji Pan 0-0: Ball
Wild Pitch!
Salvador Berrocal to second
1-0: Ball
2-0: Called Strike
2-1: Ball
3-1: Foul Ball, location: 2F
3-2: Base on Balls
Batting: RHB Roberto Méndez 0-0: Ball
1-0: Called Strike
1-1: Ball
2-1: Foul Ball, location: 2F
2-2: Ground out 1-3 (Groundball, 34S, EV 72.5 MPH)
Top of the 2nd over - 0 runs, 1 hit, 0 errors, 2 left on base; Kent 0 - South Beach 2
BOTTOM OF THE 2ND
South Beach Blaze batting - Pitching for Kent Comets : RHP Fredrick Shive
Batting: RHB Tim Wright 0-0: Called Strike
0-1: Ball
1-1: Called Strike
1-2: Ball
2-2: Strikes out swinging passed ball, reaches first!
Batting: SHB Nobukazu Fujihara 0-0: Ball
1-0: Foul Ball, location: 2F
1-1: Ball
2-1: SINGLE (Groundball, 34D, EV 95.6 MPH)
Tim Wright to second
Runner from 2nd tries for 3rd, SAFE, throw by RF made to third
Batting: RHB Juan Lugo 0-0: Called Strike
0-1: Foul Ball, location: 2F
0-2: Foul Ball, location: 2F
0-2: Strikes out swinging
Batting: RHB Yoshiki Shimizu 0-0: Ball
1-0: Called Strike
1-1: Ball
Nobukazu Fujihara steals 2nd base
2-1: Foul Ball, location: 2F
2-2: Strikes out swinging
Batting: RHB Thiago Yepes 0-0: Foul Ball, location: 2F
0-1: Ball
1-1: Called Strike
1-2: Fly out, F9 (Flyball, 9LDF, EV 111.2 MPH)
Bottom of the 2nd over - 0 runs, 1 hit, 0 errors, 2 left on base; Kent 0 - South Beach 2
TOP OF THE 3RD
Kent Comets batting - Pitching for South Beach Blaze : RHP Kevin Gabriel
Batting: LHB Octávio Obezo 0-0: Called Strike
0-1: DOUBLE (Line Drive, 7LD, EV 112.5 MPH)
Batting: RHB Alohinani Puanani 0-0: Called Strike
0-1: Ball
1-1: Foul Ball, location: 2F
1-2: SINGLE (Flyball, 7S, EV 89.4 MPH)
Octávio Obezo to third
Batting: LHB Jorge Hernández 0-0: Called Strike
0-1: Foul Ball, location: 2F
0-2: Foul Ball, location: 2F
0-2: Ball
1-2: Strikes out swinging
Batting: LHB Numberto Pencíl 0-0: Foul Ball, location: 2F
0-1: Ball
1-1: Called Strike
1-2: Strikes out looking
Batting: SHB Jesús Muńíz 0-0: Called Strike
0-1: Ball
1-1: Ball
2-1: Ball
3-1: Foul Ball, location: 2F
3-2: DOUBLE (Line Drive, 78D, EV 101.2 MPH)
Octávio Obezo scores
Alohinani Puanani to third
Alohinani Puanani scores
Batting: RHB Brian Myers 0-0: Called Strike
0-1: 2-RUN HOME RUN (Flyball, 7LD, EV 98.1 MPH), Distance : 364 ft
Batting: SHB Salvador Berrocal 0-0: SINGLE (Line Drive, 4MD, EV 99.4 MPH)
Batting: RHB Zhao-ji Pan 0-0: Ball
1-0: Fly out, F4 (Popup, 4M, EV 57.5 MPH)
Top of the 3rd over - 4 runs, 5 hits, 0 errors, 1 left on base; Kent 4 - South Beach 2
BOTTOM OF THE 3RD
South Beach Blaze batting - Pitching for Kent Comets : RHP Fredrick Shive
Batting: RHB Miles Breeuwer 0-0: Ground out 6-3 (Groundball, 6, EV 89.4 MPH)
Batting: LHB Duane Halfyard 0-0: Called Strike
0-1: Ball
1-1: SINGLE (Groundball, 34D, EV 94.4 MPH)
Batting: RHB Sergio Morales 0-0: Called Strike
0-1: Swinging Strike
0-2: Ball
1-2: Ball
2-2: Strikes out swinging
Batting: RHB Yue-rong Duan 0-0: Ball
1-0: Foul Ball, location: 2F
1-1: Ball
2-1: Foul Ball, location: 2F
2-2: Strikes out looking
Bottom of the 3rd over - 0 runs, 1 hit, 0 errors, 1 left on base; Kent 4 - South Beach 2
TOP OF THE 4TH
Kent Comets batting - Pitching for South Beach Blaze : RHP Kevin Gabriel
Batting: RHB Roberto Méndez 0-0: Ball
1-0: Ball
2-0: Ball
3-0: Called Strike
3-1: Foul Ball, location: 2F
3-2: Strikes out swinging
Batting: LHB Octávio Obezo 0-0: Ball
1-0: Called Strike
1-1: DOUBLE (Flyball, 89XD, EV 108.1 MPH)
Batting: RHB Alohinani Puanani 0-0: Ground out 6-3 (Groundball, 6, EV 88.1 MPH)
Octávio Obezo to third
Batting: LHB Jorge Hernández 0-0: Ground out 6-3 (Groundball, 6, EV 94.4 MPH)
Top of the 4th over - 0 runs, 1 hit, 0 errors, 1 left on base; Kent 4 - South Beach 2
BOTTOM OF THE 4TH
South Beach Blaze batting - Pitching for Kent Comets : RHP Fredrick Shive
Batting: RHB Tim Wright 0-0: Ball
1-0: Ball
2-0: Ball
3-0: Base on Balls
Batting: SHB Nobukazu Fujihara 0-0: Ball
1-0: Foul Ball, location: 2F
1-1: Ball
2-1: Ball
3-1: Foul Ball, location: 2F
3-2: Fielders Choice at 2nd, 1-6 (Groundball, P, EV 83.1 MPH)
Batting: RHB Juan Lugo 0-0: Called Strike
0-1: SINGLE (Line Drive, 6D, EV 100.0 MPH)
Nobukazu Fujihara to second
Batting: RHB Yoshiki Shimizu 0-0: Called Strike
0-1: Ball
1-1: Ball
2-1: Ball
3-1: Swinging Strike
3-2: Strikes out swinging
Batting: RHB Thiago Yepes 0-0: Ball
1-0: Called Strike
1-1: Ground out 6-3 (Groundball, 4M, EV 103.8 MPH)
Bottom of the 4th over - 0 runs, 1 hit, 0 errors, 2 left on base; Kent 4 - South Beach 2
TOP OF THE 5TH
Kent Comets batting - Pitching for South Beach Blaze : RHP Kevin Gabriel
Batting: LHB Numberto Pencíl 0-0: Called Strike
0-1: Fly out, F8 (Line Drive, 8RM, EV 83.1 MPH)
Batting: SHB Jesús Muńíz 0-0: Ball
1-0: Ball
2-0: Called Strike
2-1: Ball
3-1: Base on Balls
Batting: RHB Brian Myers 0-0: Called Strike
0-1: Ball
1-1: Fly out, F8 (Line Drive, 8RM, EV 86.2 MPH)
Batting: SHB Salvador Berrocal 0-0: Ball
1-0: Reached on error, E8 (Flyball, 78D, EV 103.8 MPH)
Jesús Muńíz to third
Batting: RHB Zhao-ji Pan 0-0: Ball
1-0: Foul Ball, location: 2F
1-1: Swinging Strike
1-2: Ball
2-2: Ball
3-2: SINGLE (Groundball, 6MD, EV 95.0 MPH)
Jesús Muńíz scores
Salvador Berrocal to third
Salvador Berrocal scores
Pitching: RHP António Gallegos
Batting: RHB Roberto Méndez 0-0: Swinging Strike
0-1: Foul Ball, location: 2F
0-2: Strikes out swinging
Top of the 5th over - 2 runs, 1 hit, 1 error, 1 left on base; Kent 6 - South Beach 2
BOTTOM OF THE 5TH
South Beach Blaze batting - Pitching for Kent Comets : RHP Fredrick Shive
Batting: RHB Miles Breeuwer 0-0: Called Strike
0-1: Ball
1-1: Ball
2-1: Ball
3-1: Fly out, F8 (Flyball, 8LD, EV 99.4 MPH)
Batting: LHB Duane Halfyard 0-0: Ball
1-0: Swinging Strike
1-1: Foul Ball, location: 2F
1-2: Foul Ball, location: 2F
1-2: DOUBLE (Line Drive, 89M, EV 111.2 MPH)
Batting: RHB Sergio Morales 0-0: Ball
1-0: Ball
2-0: Fly out, F8 (Flyball, 89S, EV 70.6 MPH)
Batting: RHB Yue-rong Duan 0-0: Ball
1-0: Foul Ball, location: 2F
1-1: Ball
2-1: Ground out U3 (Groundball, 34, EV 100.0 MPH)
Bottom of the 5th over - 0 runs, 1 hit, 0 errors, 1 left on base; Kent 6 - South Beach 2
TOP OF THE 6TH
Kent Comets batting - Pitching for South Beach Blaze : RHP António Gallegos
Batting: LHB Octávio Obezo 0-0: Called Strike
0-1: Foul Ball, location: 2F
0-2: Ball
1-2: Fly out, F9 (Flyball, 9S, EV 83.8 MPH)
Batting: RHB Alohinani Puanani 0-0: Ball
1-0: Ball
2-0: Ball
3-0: Called Strike
3-1: Base on Balls
Batting: LHB Jorge Hernández 0-0: Ball
1-0: Ball
2-0: Grounds into double play, 5-4-3 (Groundball, 56, EV 85.0 MPH)
Top of the 6th over - 0 runs, 0 hits, 0 errors, 0 left on base; Kent 6 - South Beach 2
BOTTOM OF THE 6TH
South Beach Blaze batting - Pitching for Kent Comets : RHP Fredrick Shive
Pitching: RHP Pippino Maini
Batting: RHB Tim Wright 0-0: Ball
1-0: Ball
2-0: Foul Ball, location: 2F
2-1: Ball
3-1: Fly out, F9 (Flyball, 9LMF, EV 96.2 MPH)
Batting: SHB Nobukazu Fujihara 0-0: Foul Ball, location: 2F
0-1: Swinging Strike
0-2: Ball
1-2: Strikes out swinging
Batting: RHB Juan Lugo 0-0: Ball
1-0: Fly out, F9 (Flyball, 9S, EV 88.1 MPH)
Bottom of the 6th over - 0 runs, 0 hits, 0 errors, 0 left on base; Kent 6 - South Beach 2
TOP OF THE 7TH
Kent Comets batting - Pitching for South Beach Blaze : RHP António Gallegos
Batting: LHB Numberto Pencíl 0-0: Ball
1-0: Foul Ball, location: 2F
1-1: Ball
2-1: SOLO HOME RUN (Flyball, 9D, EV 98.1 MPH), Distance : 385 ft
Batting: SHB Jesús Muńíz 0-0: Ball
1-0: Called Strike
1-1: Swinging Strike
1-2: Foul Ball, location: 2F
1-2: Ball
2-2: Ball
3-2: Fly out, F8 (Flyball, 89M, EV 81.9 MPH)
Batting: RHB Brian Myers 0-0: Swinging Strike
0-1: Ball
1-1: Swinging Strike
1-2: Foul Ball, location: 2F
1-2: Strikes out looking
Batting: SHB Salvador Berrocal 0-0: Foul Ball, location: 2F
0-1: Ball
1-1: Called Strike
1-2: Foul Ball, location: 2F
1-2: Strikes out swinging
Top of the 7th over - 1 run, 1 hit, 0 errors, 0 left on base; Kent 7 - South Beach 2
BOTTOM OF THE 7TH
South Beach Blaze batting - Pitching for Kent Comets : RHP Pippino Maini
Batting: RHB Yoshiki Shimizu 0-0: Swinging Strike
0-1: Ground out 6-3 (Groundball, 6, EV 85.6 MPH)
Batting: RHB Thiago Yepes 0-0: Ball
1-0: Ball
2-0: Ball
3-0: Called Strike
3-1: Foul Ball, location: 2F
3-2: Base on Balls
Batting: RHB Miles Breeuwer 0-0: Called Strike
0-1: Fielders Choice at 2nd, 5-4 (Groundball, 56, EV 101.9 MPH)
Batting: LHB Duane Halfyard 0-0: Called Strike
0-1: SINGLE (Groundball, 34D, EV 96.9 MPH)
Miles Breeuwer to second
Runner from 2nd tries for 3rd, SAFE, throw by RF made to third
Batting: RHB Sergio Morales 0-0: Fly out, F9 (Flyball, 9LS, EV 78.8 MPH)
Bottom of the 7th over - 0 runs, 1 hit, 0 errors, 2 left on base; Kent 7 - South Beach 2
TOP OF THE 8TH
Kent Comets batting - Pitching for South Beach Blaze : RHP António Gallegos
Batting: RHB Zhao-ji Pan 0-0: Ball
1-0: Called Strike
1-1: Called Strike
1-2: Foul Ball, location: 2F
1-2: Ball
2-2: SINGLE (Line Drive, 56D, EV 96.2 MPH)
Batting: RHB Roberto Méndez 0-0: Called Strike
0-1: Swinging Strike
0-2: Strikes out swinging
Pitching: LHP Félix Ortíz
Batting: LHB Octávio Obezo 0-0: Ball
1-0: Called Strike
1-1: Swinging Strike
1-2: Ball
2-2: Strikes out looking
Batting: RHB Alohinani Puanani 0-0: Foul Ball, location: 2F
0-1: Ball
1-1: Ball
2-1: Swinging Strike
2-2: Ball
3-2: Strikes out swinging
Top of the 8th over - 0 runs, 1 hit, 0 errors, 1 left on base; Kent 7 - South Beach 2
BOTTOM OF THE 8TH
South Beach Blaze batting - Pitching for Kent Comets : RHP Pippino Maini
Batting: RHB Yue-rong Duan 0-0: Called Strike
0-1: Ball
1-1: Ball
2-1: Ground out 6-3 (Groundball, 6, EV 108.1 MPH)
Batting: RHB Tim Wright 0-0: Swinging Strike
0-1: Ball
1-1: Swinging Strike
1-2: Ball
2-2: Ball
3-2: Foul Ball, location: 2F
3-2: Strikes out swinging
Batting: SHB Nobukazu Fujihara 0-0: Foul Ball, location: 2F
0-1: SOLO HOME RUN (Flyball, 7LD, EV 100.6 MPH), Distance : 361 ft
Batting: RHB Juan Lugo 0-0: Ball
1-0: Ground out 1-3 (Groundball, 13, EV 91.9 MPH)
Bottom of the 8th over - 1 run, 1 hit, 0 errors, 0 left on base; Kent 7 - South Beach 3
TOP OF THE 9TH
Kent Comets batting - Pitching for South Beach Blaze : LHP Félix Ortíz
Batting: LHB Jorge Hernández 0-0: Ball
1-0: DOUBLE (Line Drive, 9LS, EV 103.8 MPH)
Batting: LHB Numberto Pencíl 0-0: Ball
1-0: Called Strike
1-1: Ball
2-1: Ball
3-1: Base on Balls
Batting: SHB Jesús Muńíz 0-0: Called Strike
0-1: Ball
1-1: Foul Ball, location: 2F
1-2: Foul Ball, location: 2F
1-2: Ball
Balk!
Jorge Hernández to third
Numberto Pencíl to second
2-2: SINGLE (Line Drive, 6D, EV 105.6 MPH)
Jorge Hernández scores
Numberto Pencíl to third
Batting: RHB Brian Myers 0-0: Called Strike
0-1: Swinging Strike
0-2: Strikes out swinging
Batting: SHB Salvador Berrocal 0-0: Ball
1-0: Ball
2-0: Called Strike
2-1: Ball
3-1: DOUBLE (Line Drive, 78D, EV 106.2 MPH)
Numberto Pencíl scores
Jesús Muńíz to third
Runner from 3rd tries for Home, SAFE, throw by LF to trailing runner, SAFE at third!
Pinch Hitting: RHB Manny Peńa 0-0: Swinging Strike
0-1: Called Strike
0-2: Strikes out swinging
Batting: RHB Roberto Méndez 0-0: Ball
1-0: Ball
2-0: Fly out, F7 (Flyball, 7LS, EV 87.5 MPH)
Top of the 9th over - 3 runs, 3 hits, 0 errors, 1 left on base; Kent 10 - South Beach 3
BOTTOM OF THE 9TH
South Beach Blaze batting - Pitching for Kent Comets : RHP Pippino Maini
Now at C: Manny Peńa
Pinch Hitting: LHB Furgentley Jamanica 0-0: Ball
1-0: Ball
2-0: Swinging Strike
2-1: Ball
3-1: Base on Balls
Pitching: RHP Shoichi Iwata
Pinch Hitting: RHB Jon Lake 0-0: Ball
1-0: Ball
2-0: Ball
3-0: Base on Balls
Furgentley Jamanica to second
Batting: RHB Miles Breeuwer 0-0: Called Strike
0-1: Called Strike
0-2: Ball
1-2: Fielders Choice at 2nd, 6-4 (Groundball, 6, EV 107.5 MPH)
Furgentley Jamanica to third
Batting: LHB Duane Halfyard 0-0: Called Strike
0-1: Fly out, F7 (Flyball, 7, EV 96.9 MPH)
Runner from 3rd tags up, SCORES, no throw by LF
Batting: RHB Sergio Morales 0-0: Called Strike
0-1: Ball
1-1: Called Strike
1-2: Ball
2-2: Ground out 4-3 (Groundball, 4, EV 90.0 MPH)
Bottom of the 9th over - 1 run, 0 hits, 0 errors, 1 left on base; Kent 10 - South Beach 4
Tuesday, January 5th, 2021 - OOTP Baseball 20.8 Build 74